 Dungeon Crawl Stone Soup version 0.26-a0-524-g073066f631 (webtiles) character file.

Game seed: 11287747962788061826

1490 MrRokkomies the Chiller (level 8, -2/67 HPs)
             Began as a Demigod Ice Elementalist on Aug 13, 2020.
             Slain by a water moccasin zombie (8 damage)
             ... on level 6 of the Dungeon.
             The game lasted 00:10:31 (7290 turns).

MrRokkomies the Chiller (Demigod Ice Elementalist)  Turns: 7290, Time: 00:10:32

Health: -2/67      AC:  4    Str: 11    XL:     8   Next: 26%
Magic:  13/13      EV: 14    Int: 23    God:
Gold:   205        SH:  0    Dex: 16    Spells: 4/10 levels left

rFire    . . .     SeeInvis +   a - +0 lajatang
rCold    . . .     Faith    .   (shield currently unavailable)
rNeg     . . .     Spirit   .   d - +1 robe {MR+}
rPois    .         Reflect  .   k - +0 helmet
rElec    .         Harm     .   (no cloak)
rCorr    .                      (no gloves)
MR       +....                  (no boots)
Stlth    ++........             (no amulet)
HPRegen  0.21/turn              b - ring of see invisible
MPRegen  0.13/turn              (no ring)

@: no status effects
A: high mp 1
a: no special abilities


You were on level 6 of the Dungeon.
You visited 1 branch of the dungeon, and saw 6 of its levels.

You collected 205 gold pieces.

Inventory:

Hand Weapons
 a - a +0 lajatang (weapon)
Missiles
 h - 3 throwing nets
 w - 5 javelins (quivered)
Armour
 d - a +1 robe of magic resistance (worn)
 k - a +0 helmet (worn)
Jewellery
 b - a ring of see invisible (left hand)
Wands
 f - a wand of random effects (19)
 m - a wand of polymorph (5)
Scrolls
 e - a scroll of magic mapping
 j - a scroll of enchant armour
 l - 4 scrolls of remove curse
 s - a scroll of fog
Potions
 c - 3 potions of heal wounds
 g - a potion of haste {unknown}
 i - a potion of berserk rage {unknown}
 o - a potion of degeneration {unknown}
 p - 3 potions of curing
 q - a potion of cancellation {unknown}
 t - a potion of brilliance {unknown}
 u - a potion of stabbing {unknown}


   Skills:
 + Level 4.8 Fighting
 * Level 3.9 Staves
 + Level 4.3 Dodging
 - Level 1.7 Stealth
 - Level 1.7 Spellcasting
 * Level 7.0 Ice Magic


You had 4 spell levels left.
You knew the following spells:

 Your Spells              Type           Power        Failure   Level
a - Freeze                Ice            ####         1%          1
b - Frozen Ramparts       Ice            ####..       2%          3
c - Blink                 Tloc           N/A          21%         2

Your spell library contained the following spells:

 Spells                   Type           Power        Failure   Level
 Ozocubu's Armour         Ice            ####....     2%          3
 Magic Dart               Conj           #...         13%         1
 Call Imp                 Summ           #.......     21%         2
 Slow                     Hex            #.......     21%         2
 Hailstorm                Conj/Ice       ###.....     30%         4
 Summon Ice Beast         Ice/Summ       ###.....     30%         4
 Conjure Flame            Conj/Fire      #.......     36%         3
 Mephitic Cloud           Conj/Pois/Air  #.......     36%         3


Dungeon Overview and Level Annotations

Branches:
Dungeon (6/15)
 Temple: D:4-7


Innate Abilities, Weirdness & Mutations

You have an increased reservoir of magic. (+10% MP)


Message History

The water moccasin zombie is severely damaged.
The water moccasin zombie bites you.
* * * LOW HITPOINT WARNING * * *
You hit the water moccasin zombie but do no damage.
The water moccasin zombie is severely damaged.
The water moccasin zombie barely misses you.
The water moccasin zombie misses you.
You closely miss the water moccasin zombie.
The water moccasin zombie is severely damaged.
The water moccasin zombie completely misses you.
You slash the water moccasin zombie!
The water moccasin zombie is almost destroyed.
The water moccasin zombie bites you.
* * * LOW HITPOINT WARNING * * *
You barely miss the water moccasin zombie.
The water moccasin zombie is almost destroyed.
The water moccasin zombie bites you.
* * * LOW HITPOINT WARNING * * *
The water moccasin zombie bites you!
You die...

*,,,**,,,,,,,**,*******,,,,,*
*,,,**,****,,,,,,,,,,,,**,,**
******,* #.,##.******,***,*
****** #..#..* *,* *,******
*##\#.* #..#.#* *,# *,,,,,,,
*.._..#####..#.#######.#**,,*****
*.....#..(...#.#..../...,,,,*
*#...#.........#........,,,**
*.........#.#...@Z##**,*****
*..................#**,*
*,#.......#.#.#..#...#,****
,,*#..............<#....,,*
***##...#†#####.#....###*,* *****
,* #####)###*#..##.## *,***,**,
,* #)#..,..##*.# *,**,*,*, ,*
#.#.#*#.# *,# *,*,***,, ,* #)#.#
*h#**,*****,,** **,


You could see a water moccasin zombie.

Vanquished Creatures
  Sigmund (D:5)
  Menkaure (D:5)
  Duvessa (D:5)
  An orc warrior (D:6)
  An ogre (D:6)
  3 bullfrogs (D:6)
  Dowan (D:5)
  A centaur zombie (D:5)
  2 hounds
  2 orc priests
  A centaur skeleton (D:4)
  3 orc wizards
  A gnoll shaman (D:4)
  An iguana (D:4)
  4 worker ants
  10 gnolls
  8 adders
  A shadow imp (D:4)
  An adder skeleton (D:4)
  2 worms (D:2)
  3 dart slugs
  3 leopard geckos (D:3)
  14 orcs
  7 bats
  5 giant cockroaches
  7 goblins
  12 hobgoblins
  6 jackals
  3 quokkas
  7 frilled lizards
  A giant cockroach zombie (D:5)
  4 kobolds
  4 rats
122 creatures vanquished.

Notes
Turn   | Place    | Note
-------+----------+-------------------------------------------
     0 | D:1      | MrRokkomies the Demigod Ice Elementalist began the quest
                  | for the Orb.
     0 | D:1      | Reached XP level 1. HP: 14/14 MP: 5/5
   343 | D:1      | Reached XP level 2. HP: 22/22 MP: 4/7
   459 | D:1      | Reached skill level 1 in Fighting
  1393 | D:2      | Reached skill level 4 in Ice Magic
  1394 | D:2      | Reached XP level 3. HP: 28/28 MP: 4/8
  2575 | D:3      | Learned a level 3 spell: Frozen Ramparts
  2627 | D:3      | Reached XP level 4. HP: 31/36 MP: 9/9
  3266 | D:3      | Reached XP level 5. HP: 20/42 MP: 0/10
  3859 | D:4      | Reached skill level 5 in Ice Magic
  4218 | D:4      | Reached XP level 6. HP: 51/51 MP: 4/11
  4726 | D:4      | Learned a level 2 spell: Blink
  6156 | D:5      | Entered Level 5 of the Dungeon
  6156 | D:5      | Noticed Sigmund
  6191 | D:5      | Noticed Menkaure
  6612 | D:5      | Noticed Duvessa
  6612 | D:5      | Noticed Dowan
  6629 | D:5      | Killed Duvessa
  6629 | D:5      | Reached skill level 1 in Staves
  6629 | D:5      | Reached XP level 7. HP: 55/59 MP: 8/12
  6636 | D:5      | Killed Dowan
  6636 | D:5      | Reached skill level 6 in Ice Magic
  6799 | D:5      | Killed Menkaure
  7013 | D:5      | Found an opulent altar of Gozag.
  7042 | D:5      | Killed Sigmund
  7189 | D:5      | You fall into a shaft and drop 1 floor!
  7227 | D:6      | Reached XP level 8. HP: 46/67 MP: 10/13
  7235 | D:6      | Found a burning altar of Makhleb.
  7254 | D:6      | Reached skill level 7 in Ice Magic
  7290 | D:6      | Slain by a water moccasin zombie

Illustrated notes

Levels and vault maps discovered:
D:1:      dpeg_arrival_shrine, layout_loops_corners, minmay_pentomino_t2
D:2:      layout_basic
D:3:      layout_loops_ring, grunt_ministairs_7
D:4:      layout_basic
D:5:      layout_rooms, basic_altar, uniq_menkaure, uniq_duvessa, uniq_sigmund
D:6:      layout_loops_ring, regret_index_temple_of_mockery,
          makhleb_heckhound_becter, ebering_ghost_sewer_f,
          nicolae_ossuary_entry_plus

Skill      XL: |  1  2  3  4  5  6  7  8 |
---------------+-------------------------+-----
Dodging        | 2 3 4 |  4.3
Fighting       | 1 2 3 4 |  4.8
Ice Magic      | 4 5 6 7 |  7.0
Staves         | 1 3 |  3.9
Stealth        | |  1.7
Spellcasting   | |  1.7

Action                   |  1- 3 |  4- 6 |  7- 9 || total
-------------------------+-------+-------+-------++-------
Melee: Unarmed           |     9 |       |       ||     9
       Mace              |    77 |   112 |       ||   189
       Lajatang          |       |    22 |    48 ||    70
Throw: Javelin           |       |       |     3 ||     3
 Cast: Freeze            |    36 |    18 |     3 ||    57
       Frozen Ramparts   |       |    11 |     5 ||    16
       Blink             |       |     1 |       ||     1
  Use: Scroll            |     2 |     7 |     1 ||    10
       Potion            |       |     1 |     3 ||     4
 Stab: Sleeping          |     7 |     2 |       ||     9
Armor: Robe              |    37 |    24 |     8 ||    69
       Skin              |       |       |     8 ||     8
Dodge: Dodged            |    97 |   125 |    54 ||   276

Table legend: (Time is in decaauts)
 A = Elapsed time spent in this place.
 B = Non-inter-level travel time spent in this place.
 C = Inter-level travel time spent in this place.
 D = Time resting spent in this place.
 E = Time spent auto-exploring this place.
 F = Levels seen in this place.
 G = Mean time per level.
                   A        B        C        D        E       F      G
               +--------+--------+--------+--------+--------+-----+--------+
         Total |   7389 |   7046 |    343 |   1282 |   4723 |   6 | 1231.5 |
       Dungeon |   7389 |   7046 |    343 |   1282 |   4723 |   6 | 1231.5 |
               +--------+--------+--------+--------+--------+-----+--------+

Top non-repeatable levels by time:
     D:4: 2740 daAuts
     D:3: 1702 daAuts
     D:1: 1120 daAuts
     D:2: 1068 daAuts
     D:5: 650 daAuts
     D:6: 108 daAuts
